 Dungeon Crawl Stone Soup version 0.20-a0-785-g17250f0 (webtiles) character file.

15565 Gorglomux the Slingshot (level 12, -6/87 HPs)
             Began as a Halfling Hunter on Feb 27, 2017.
             Was a High Priest of Ru.
             Mangled by a redback (7 damage)
             ... on level 2 of the Lair of Beasts.
             The game lasted 00:37:39 (12139 turns).

Gorglomux the Slingshot (Halfling Hunter)          Turns: 12139, Time: 00:37:40

Health: -6/87      AC:  6    Str: 13    XL:     12   Next: 59%
Magic:  0/12       EV: 18    Int:  7    God:    Ru [*****.]
Gold:   669        SH:  0    Dex: 20    Spells: 11/11 levels left

rFire    . . .     SeeInvis .   a - +4 hunting sling
rCold    . . .     Gourm    .   c - +1 leather armour
rNeg     . . .     Faith    .   (shield unavailable)
rPois    .         Spirit   +   (no helmet)
rElec    .         Reflect  .   Y - +1 cloak
rCorr    .         Harm     .   (no gloves)
MR       .....                  (no boots)
Stlth    +++.......             F - amulet of guardian spirit
Regen    0.3/turn               O - +3 ring of evasion
MPRegen  0.2/turn               (ring unavailable)

@: lethally poisoned (-6 -> -32), exhausted, no scrolls, drained
A: dopey 1, mutation resistance 1, inability to read while threatened, missing a
hand, reduced EV 1
a: Draw Out Power, Power Leap, Apocalypse, Renounce Religion


You were on level 2 of the Lair of Beasts.
You worshipped Ru.
Ru was extremely pleased with you.
You were not hungry.

You visited 3 branches of the dungeon, and saw 13 of its levels.
You also visited: Ossuary.

You collected 669 gold pieces.

Inventory:

Hand Weapons
 a - a +4 hunting sling (weapon)
 b - a +0 short sword
Missiles
 d - 70 sling bullets (quivered)
 l - 179 stones
Armour
 c - a +1 leather armour (worn)
 V - a +0 cloak
 Y - a +1 cloak (worn)
Jewellery
 f - an uncursed ring of protection from fire
 k - an uncursed ring of flight {unknown}
 n - an uncursed ring of loudness
 s - a +2 ring of evasion
 x - an uncursed ring of stealth
 F - an amulet of guardian spirit (around neck)
 G - a +2 ring of strength
 O - a +3 ring of evasion (right hand)
 P - a cursed amulet of inaccuracy {unknown}
Wands
 L - a wand of lightning (0/15)
Scrolls
 m - a scroll of remove curse
 y - a scroll of brand weapon {unknown}
 z - 2 scrolls of summoning {unknown}
 A - 2 scrolls of magic mapping {unknown}
 B - 6 scrolls of blinking
 C - 3 scrolls of enchant armour
 D - a scroll of vulnerability {unknown}
 E - 3 scrolls of amnesia
 J - a scroll of immolation {unknown}
 K - 3 scrolls of random uselessness
 N - a scroll of fear
 R - 3 scrolls of identify
 S - a scroll of recharging {unknown}
 T - 9 scrolls of teleportation
Potions
 g - 5 potions of agility
 i - 2 potions of berserk rage
 o - 4 potions of might
 t - 2 potions of ambrosia
 u - 5 potions of brilliance
 w - a potion of lignification {unknown}
 H - 5 potions of haste
 M - a potion of flight
 Q - a potion of cancellation {unknown}
 U - a potion of mutation {unknown}
 W - 4 potions of invisibility
 X - a potion of heal wounds
 Z - a potion of magic {unknown}
Books
 p - a book of Frost

   Spells                             Type                      Level
   a - Freeze                         Ice                          1
   b - Throw Frost                    Conjuration/Ice              2
   c - Ozocubu's Armour               Charms/Ice                   3
   d - Throw Icicle                   Conjuration/Ice              4
   e - Summon Ice Beast               Ice/Summoning                4
Comestibles
 h - 7 meat rations
 j - 5 chunks of flesh
 r - 13 fruits
 v - 5 bread rations
 I - 14 royal jellies


   Skills:
 - Level 10.0(9.3) Fighting
 + Level 21.6(20.8) Slings
 - Level 6.0(5.4) Armour
 - Level 6.1(5.5) Dodging
 - Level 5.4(4.8) Stealth


You had 11 spell levels left.
You didn't know any spells.

Dungeon Overview and Level Annotations

Branches:
Dungeon (10/15)            Temple (1/1) D:4            Lair (2/6) D:10
 Spider (0/4) Lair:2
  Swamp: Lair:2-4    Shoals: Lair:2-4       Orc: D:9-12

Altars:
Ashenzari
Cheibriados
Dithmenos
Elyvilon
Fedhas
Gozag
Hepliaklqana
Kikubaaqudgha
Makhleb
Nemelex Xobeh
Okawaru
Qazlal
Ru
Sif Muna
Trog
Uskayaw
Vehumet
Wu Jian
Xom
Yredelemnul
Zin
The Shining One

Shops:
D:5 *

Annotations:
D:5 potions
D:6 Azzok's ghost, novice BaIE


Innate Abilities, Weirdness & Mutations

You are small and have problems with some larger weapons.
You are dopey. (Int -2)
You are somewhat resistant to further mutation.
You cannot read scrolls while threatened.
You are missing a hand.
You have somewhat slow reflexes. (EV -3)


Message History

* * * LOW HITPOINT WARNING * * *
The jumping spider bites you.
* * * LOW HITPOINT WARNING * * *
You focus your will and blind the jumping spider in retribution!
The redback bites you!
* * * LOW HITPOINT WARNING * * *
The redback barely misses you.
Unknown command.
The web tears apart.
* * * LOW HITPOINT WARNING * * *
You feel very sick.
You redirect the jumping spider's attack!
The jumping spider closely misses the jumping spider.
The jumping spider barely misses the jumping spider.
The redback misses you. The jumping spider misses you.
The jumping spider closely misses you. The redback bites you!
* * * LOW HITPOINT WARNING * * *
The jumping spider misses you. The jumping spider closely misses you.
The redback closely misses you. The redback bites you!
You die...

.## ## .# ### ##...#
#(###.# ####.##.#...#
#.#.s. #............
#^.>. #..........P#
#... ####(#..#...#
..##≈≈≈####..(#..#.P.#
.#.....#sss.....<....#
.......(s@####...P####
#.P.P#.#sP# ###### ###
######


You could see 2 jumping spiders and 3 redbacks.

Vanquished Creatures
  A hydra (Lair:1)
  5 two-headed ogres
  An unseen horror (D:10)
  Pikel (D:6)
  A black mamba (Lair:1)
  2 spiny frogs (Lair:1)
  A komodo dragon (Lair:1)
  A troll (D:6)
  A jumping spider (Lair:2)
  A hornet (D:10)
  3 hippogriffs
  Grinder (D:6)
  Sigmund (D:3)
  12 yaks
  Eustachio (D:5)
  Edmund (D:5)
  Duvessa (D:5)
  4 porcupines (D:10)
  3 water moccasins
  4 ice beasts
  2 phantoms
  2 black bears (D:10)
  3 centaurs
  10 ogres
  A wolf (D:8)
  3 crocodiles
  Blork the orc (D:5)
  A big kobold (D:9)
  5 bullfrogs
  Dowan (D:5)
  7 scorpions
  9 killer bees
  2 howler monkeys
  3 crimson imps
  A bullfrog zombie (D:6)
  Crazy Yiuf (D:5)
  3 hounds
  2 centaur skeletons
  2 centaur zombies (Ossuary)
  6 jellies
  4 orc priests
  A bullfrog skeleton (D:10)
  6 human zombies (Ossuary)
  An iguana (D:8)
  9 orc wizards
  Natasha (thrice) (D:3 D:5)
  9 worker ants
  2 big kobold zombies (Ossuary)
  A hound zombie (D:10)
  A hound skeleton (D:8)
  3 mummies (Ossuary)
  A howler monkey skeleton (D:4)
  2 worker ant zombies
  6 gnolls
  10 adders
  A hound simulacrum (D:8)
  2 scorpion zombies (Ossuary)
  3 shadow imps
  4 white imps (D:8)
  5 oozes (D:8)
  An adder zombie (D:10)
  2 worms
  7 leopard geckos
  13 orcs
  5 ball pythons
  7 bats
  7 giant cockroaches
  A gnoll zombie (Ossuary)
  4 goblins
  6 hobgoblins
  11 jackals
  12 kobolds
  7 quokkas
  5 frilled lizards
  4 hobgoblin zombies (Ossuary)
  A jackal zombie (D:8)
  6 orc zombies (Ossuary)
  5 rats
  A fungus (D:10)
290 creatures vanquished.

Vanquished Creatures (others)
  A scorpion (D:6)
  A bullfrog zombie (D:6)
  An orc wizard (D:6)
  A leopard gecko (D:6)
  2 orcs (D:6)
  A gnoll zombie (Ossuary)
  A quokka zombie (D:6)
  8 fungi (D:10)
16 creatures vanquished.

Grand Total: 306 creatures vanquished

Notes
Turn   | Place    | Note
-------+----------+-------------------------------------------
     0 | D:1      | Gorglomux the Halfling Hunter began the quest for the Orb.
     0 | D:1      | Reached XP level 1. HP: 14/14 MP: 1/1
   140 | D:1      | Reached skill level 6 in Slings
   202 | D:1      | Reached XP level 2. HP: 16/19 MP: 2/2
   541 | D:1      | Reached skill level 7 in Slings
   541 | D:1      | Reached XP level 3. HP: 24/24 MP: 3/3
   862 | D:2      | Reached XP level 4. HP: 29/29 MP: 4/4
   877 | D:2      | Reached skill level 8 in Slings
  1568 | D:3      | Reached XP level 5. HP: 34/34 MP: 5/5
  1574 | D:3      | Found a stormy altar of Qazlal.
  1746 | D:3      | Found a shattered altar of Ashenzari.
  1801 | D:3      | Found an opulent altar of Gozag.
  1846 | D:3      | Reached skill level 9 in Slings
  1915 | D:3      | Noticed Natasha
  1926 | D:3      | Killed Natasha
  1926 | D:3      | Reached XP level 6. HP: 26/39 MP: 3/6
  1989 | D:3      | Noticed Sigmund
  1999 | D:3      | Killed Sigmund
  1999 | D:3      | Reached skill level 10 in Slings
  2187 | D:3      | Noticed Natasha
  2194 | D:3      | Killed Natasha
  2194 | D:3      | Reached skill level 11 in Slings
  2194 | D:3      | Reached XP level 7. HP: 31/44 MP: 5/7
  2272 | D:4      | Found a staircase to the Ecumenical Temple.
  2367 | D:5      | Entered Level 5 of the Dungeon
  2416 | D:5      | Noticed Edmund
  2418 | D:5      | Noticed Natasha
  2435 | D:5      | Killed Natasha
  2451 | D:5      | Killed Edmund
  2451 | D:5      | Reached skill level 12 in Slings
  2701 | D:5      | Reached skill level 3 in Fighting
  2701 | D:5      | Reached XP level 8. HP: 52/52 MP: 8/8
  2717 | D:5      | Found an ornate altar of the Wu Jian Council.
  2717 | D:5      | Found a shadowy altar of Dithmenos.
  2794 | D:5      | Noticed Dowan
  2798 | D:5      | Noticed Duvessa
  2817 | D:5      | Killed Duvessa
  2821 | D:5      | Killed Dowan
  3047 | D:5      | You fall through a shaft!
  3086 | D:6      | Noticed Azzok's ghost (novice BaIE)
  3134 | D:6      | Found a blossoming altar of Fedhas.
  3134 | D:6      | Found a glowing golden altar of the Shining One.
  3257 | D:6      | Noticed Grinder
  3264 | D:6      | Paralysed by Grinder for 2 turns
  3269 | D:6      | Killed Grinder
  3334 | D:5      | Found a glowing silver altar of Zin.
  3604 | D:5      | Noticed Eustachio
  3621 | D:5      | Reached skill level 6 in Fighting
  3639 | D:5      | Killed Eustachio
  3639 | D:5      | Reached XP level 9. HP: 48/63 MP: 7/9
  3681 | D:5      | Noticed Blork the orc
  3688 | D:5      | Killed Blork the orc
  3831 | D:5      | Found Amocez's Assorted Antiques.
  4008 | D:5      | Found a runed door.
  4151 | Temple   | Entered the Ecumenical Temple
  4226 | Temple   | Became a worshipper of Ru the Awakened
  5157 | D:5      | Noticed Crazy Yiuf
  5170 | D:5      | Killed Crazy Yiuf
  5338 | D:6      | Noticed Pikel
  5352 | D:6      | Killed Pikel
  5352 | D:6      | Reached skill level 9 in Fighting
  5434 | D:6      | Found an iron altar of Okawaru.
  6367 | D:6      | Noticed a troll
  6371 | D:6      | Killed a troll
  6371 | D:6      | Reached XP level 10. HP: 75/75 MP: 10/10
  6591 | D:7      | Gained mutation: You cannot read scrolls while threatened. [Ru sacrifice]
  6591 | D:7      | Reached * piety under Ru
  6620 | D:7      | Found a sand-covered staircase.
  6643 | Ossuary  | Entered an ossuary
  6707 | Ossuary  | Reached skill level 1 in Armour
  6831 | Ossuary  | Reached skill level 3 in Dodging
  7144 | Ossuary  | Reached skill level 3 in Armour
  7613 | D:7      | Found a shadowy altar of Dithmenos.
  7888 | D:7      | Found a radiant altar of Vehumet.
  8365 | D:8      | Noticed a two-headed ogre
  8375 | D:8      | Killed a two-headed ogre
  8375 | D:8      | Reached skill level 6 in Dodging
  8412 | D:8      | Reached skill level 6 in Armour
  8527 | D:8      | Reached skill level 3 in Stealth
  8571 | D:8      | Noticed a two-headed ogre
  8585 | D:8      | Killed a two-headed ogre
  8585 | D:8      | Reached XP level 11. HP: 80/81 MP: 11/11
  8684 | D:8      | Gained mutation: You are dopey. (Int -2) [Ru sacrifice]
  8684 | D:8      | Reached ** piety under Ru
  8743 | D:8      | Reached skill level 13 in Slings
  8767 | D:8      | Reached skill level 14 in Slings
  8889 | D:8      | Found a deep blue altar of Sif Muna.
  9228 | D:8      | Reached skill level 15 in Slings
  9372 | D:9      | Noticed a two-headed ogre
  9403 | D:9      | Killed a two-headed ogre
  9403 | D:9      | Reached skill level 16 in Slings
  9575 | D:9      | Noticed a two-headed ogre
  9604 | D:9      | Killed a two-headed ogre
  9604 | D:9      | Reached skill level 17 in Slings
 10032 | D:10     | Entered Level 10 of the Dungeon
 10060 | D:10     | Reached skill level 18 in Slings
 10134 | D:10     | Found a staircase to the Lair.
 10325 | D:10     | Reached skill level 19 in Slings
 10410 | D:10     | Gained mutation: You have somewhat slow reflexes. (EV -3) [Ru sacrifice]
 10440 | D:10     | Reached XP level 12. HP: 77/87 MP: 9/12
 10461 | D:10     | Noticed a two-headed ogre
 10475 | D:10     | Killed a two-headed ogre
 10475 | D:10     | Reached skill level 20 in Slings
 10636 | D:10     | Noticed an unseen horror
 10643 | D:10     | Killed an unseen horror
 11201 | Lair:1   | Entered Level 1 of the Lair of Beasts
 11230 | Lair:1   | Reached skill level 21 in Slings
 11501 | Lair:1   | Noticed a four-headed hydra
 11511 | Lair:1   | Killed a four-headed hydra
 12098 | Lair:2   | Gained mutation: You are missing a hand. [Ru sacrifice]
 12098 | Lair:2   | Reached *** piety under Ru
 12098 | Lair:2   | Reached **** piety under Ru
 12098 | Lair:2   | Reached ***** piety under Ru
 12107 | Lair:2   | Found a hole to the Spider Nest.
 12137 | Lair:2   | HP: 4/87 [jumping spider (9)]
 12139 | Lair:2   | HP: 1/87 [redback (9)]
 12139 | Lair:2   | Mangled by a redback

Vault maps used:
D:1:      lightli_iron_boxes
D:2:      first_bread
D:3:      marbit_many_paths, lemuel_doored_altar, grunt_qazlal_sundering,
          uniq_natasha, uniq_sigmund
D:4:      minmay_temple_entry_from_below_a, grunt_tough_drop
D:5:      gammafunk_temple_overflow_elements, basic_altar, serial_shops,
          kennysheep_mini_moat, uniq_edmund, uniq_crazy_yiuf_cottage,
          uniq_duvessa, uniq_eustachio, uniq_blork_the_orc
D:6:      nicolae_overflow_crystal_walls, grunt_temple_overflow_open,
          uniq_grinder, uniq_pikel
D:7:      vehumet_crystals, basic_altar, nicolae_ossuary_entry_monument,
          grunt_ministairs_5, hangedman_abyss_or_decor_stabs
D:8:      lemuel_crystal_altar, serial_ice, serial_ice_h, serial_ice_g,
          serial_ice_c, serial_ice_a, hangedman_little_slice_of_home
D:10:     due_lair_maze_entry_diamond
Temple:   dshaligram_water_room_temple
Lair:1:   grunt_megastairs_5
Lair:2:   nicolae_spider_entry_tight_spaces, minmay_lair_oklob_chamber
Ossuary:  ossuary_minmay_scorpions

Skill      XL: |  1  2  3  4  5  6  7  8  9 10 11 12 |
---------------+-------------------------------------+-----
Slings         | 6 7 8 9 11 12 19 21 | 21.6
Fighting       | 3 6 9 10 | 10.0
Armour         | 6 |  6.0
Dodging        | 6 |  6.1
Stealth        | 5 |  5.4

Action                   |  1- 3 |  4- 6 |  7- 9 | 10-12 || total
-------------------------+-------+-------+-------+-------++-------
Melee: Short sword       |     8 |       |       |       ||     8
       Hunting sling     |       |       |       |     1 ||     1
 Fire: Hunting sling     |    67 |   151 |   426 |  1075 ||  1719
Invok: Sacrifice Words   |       |       |       |     1 ||     1
       Sacrifice Purity  |       |       |       |     1 ||     1
       Sacrifice Health  |       |       |       |     1 ||     1
       Draw Out Power    |       |       |       |     2 ||     2
       Sacrifice a Hand  |       |       |       |     1 ||     1
Evoke: Wand              |       |       |       |     4 ||     4
  Use: Scroll            |       |     4 |     7 |     9 ||    20
       Potion            |       |       |       |     7 ||     7
  Eat: Chunk             |       |     4 |    10 |    14 ||    28
       Fruit             |       |       |     2 |     2 ||     4
Armor: Leather armour    |     6 |     5 |     4 |    42 ||    57
Dodge: Dodged            |    19 |    31 |    55 |   330 ||   435
